Map: Cyber Forest LE

Players

Jooo - Winner!

  • Race: Protoss Protoss
  • League: Master
  • Spawn Location: 5:00

Mez

  • Race: Terran Terran
  • League: Master
  • Spawn Location: 11:00

VOD

Have the link to the VOD?

Description

Time

  • Played on: Aug. 10, 2019, 11:31 a.m.
  • Length: 13:38
Show
View Real Time Build Order
Export as new Build Order

Jooo Protoss - Winner!

Build Orders: 1 Gate Expand, Colossus Rush 

Get SALT Encoding   

  12  0:00  Probe  
  13  0:13  Probe  
  14  0:19  Pylon  
  14  0:25  Probe  
  15  0:35  Probe  
  15  0:39  Gateway  
  16  0:44  Probe, Assimilator  
  17  0:52  Probe  
  18  1:03  Probe  
  19  1:15  Probe  
  20  1:25  Nexus  
  20  1:39  Cybernetics Core  
  20  1:41  Probe  
  21  1:52  Assimilator  
  21  1:53  Pylon  
  21  1:55  Probe  
  22  2:07  Stalker, Probe  
  23  2:17  Warp Gate  
  23  2:19  Probe  
  26  2:31  Probe  
  26  2:33  Probe  
  26  2:36  Stalker  
  29  2:41  Probe  
  29  2:43  Probe  
  31  2:51  Probe  
  31  2:55  Robotics Facility, Probe  
  33  3:02  Probe  
  34  3:07  Probe  
  34  3:10  Probe  
  35  3:17  Probe  
  35  3:18  Gateway  
  35  3:19  Probe  
  37  3:21  Gateway  
  37  3:25  Probe  
  38  3:34  Probe x2  
  39  3:36  Pylon  
  41  3:43  Observer  
  41  3:46  Probe  
  41  3:47  Assimilator  
  43  3:48  Probe  
  43  3:50  Pylon  
  44  3:58  Probe  
  44  3:59  Assimilator  
  44  4:01  Probe  
  46  4:06  Stalker  
  46  4:07  Observer  
  49  4:12  Probe  
  49  4:13  Probe  
  51  4:27  Stalker x2  
  51  4:29  Probe x2  
  57  4:31  Observer  
  58  4:38  Robotics Bay  
  58  4:40  Stalker  
  58  4:41  Gateway  
  58  4:43  Gateway  
  60  4:54  Observer  
  60  4:58  Forge  
  60  5:00  Nexus  
  60  5:01  Pylon  
  60  5:05  Forge  
  59  5:11  Probe x2  
  59  5:12  Twilight Council  
  62  5:14  Observer  
  62  5:21  Protoss Ground Weapons Level 1  
  62  5:22  Protoss Ground Armor Level 1, Pylon  
  62  5:26  Probe x2  
  64  5:31  Sentry x2  
  68  5:39  Pylon  
  68  5:40  Probe, Colossus  
  75  5:42  Pylon  
  75  5:48  Extended Thermal Lance  
  75  5:52  Observer  
  75  5:59  Charge  
  75  6:13  Probe  
  75  6:16  Probe x2  
  77  6:23  Colossus  
  77  6:27  Observer  
  77  6:28  Probe  
  78  6:35  Observer  
  78  6:37  Probe x2  
  86  6:43  Templar Archives, Probe  
  87  6:49  Probe  
  87  6:50  Probe  
  87  6:52  Sentry  
  87  6:53  Zealot x3  
  97  6:55  Probe, Nexus  
  97  6:56  Pylon  
  97  7:00  Pylon  
  98  7:02  Pylon  
  98  7:05  Probe x2  
  98  7:07  Assimilator, Probe  
  101  7:10  Assimilator  
  101  7:13  Pylon  
  101  7:15  Shield Battery  
  101  7:17  Probe x2  
  101  7:18  Protoss Ground Weapons Level 2  
  101  7:19  Protoss Ground Armor Level 2  
  103  7:25  Zealot, Photon Cannon  
  103  7:26  Zealot x2  
  103  7:28  Pylon  
  103  7:29  Psionic Storm  
  109  7:34  Shield Battery  
  109  7:41  Probe x2  
  109  7:43  High Templar  
  113  7:45  Probe  
  113  7:49  Photon Cannon  
  114  7:52  Photon Cannon  
  114  7:56  Probe x2  
  116  7:59  Robotics Facility  
  116  8:02  Probe  
  117  8:08  Shield Battery  
  117  8:09  Photon Cannon  
  117  8:10  Probe x2  
  119  8:16  Gateway x2  
  119  8:17  High Templar  
  119  8:18  High Templar x2  
  124  8:36  Zealot x2  
  124  8:39  Colossus  
  126  8:58  Zealot x5  
  126  9:00  Archon  
  102  9:13  Immortal  
  106  9:20  Stalker x4  
  106  9:21  Stalker  
  116  9:28  Blink  
  116  9:32  Probe x2  
  116  9:33  Immortal  
  116  9:34  Assimilator  
  116  9:38  Assimilator  
  122  9:41  Stalker, Gateway x2  
  122  9:42  Stalker  
  122  9:43  Gateway  
  126  9:46  Pylon  
  126  9:48  Pylon  
  126  9:50  Pylon  
  126  9:55  Zealot x5  
  134  10:04  Colossus  
  140  10:11  Colossus  
  140  10:12  Zealot x2  
  132  10:28  Protoss Ground Weapons Level 3, Protoss Ground Armor Level 3  
  126  10:34  Stalker x4  
  126  10:35  Stalker x3  
  140  10:45  Probe  
  140  10:49  Nexus  
  141  10:51  Pylon  
  141  10:53  Zealot x3, Pylon  
  141  10:55  Assimilator  
  147  10:59  Assimilator  
  147  11:02  High Templar x5  
  147  11:03  Zealot x2  
  161  11:07  Archon  
  161  11:18  Colossus, Warp Prism  
  163  11:26  Zealot x5  
  173  11:59  Stalker x5  
  173  12:00  Stalker x4  
  191  12:08  Colossus  
  181  12:11  Archon, Colossus  
  147  12:27  Zealot x9  
  147  12:28  Zealot  
  161  12:51  High Templar x2  
  161  12:52  High Templar x6, Photon Cannon  
  161  12:53  High Templar  
  161  12:54  Photon Cannon  
  161  12:56  Shield Battery  
  161  12:57  Archon x2  
  179  12:58  Shield Battery  
  149  13:33  Archon  
Show
View Real Time Build Order
Export as new Build Order

Mez Terran 

Build Orders: Reaper Expand 

Get SALT Encoding   

  12  0:00  SCV  
  13  0:13  SCV  
  14  0:17  Supply Depot  
  14  0:25  SCV  
  15  0:39  SCV  
  15  0:40  Barracks  
  16  0:46  Refinery  
  16  0:51  SCV  
  17  1:03  SCV  
  18  1:15  SCV  
  19  1:36  Reaper, Orbital Command  
  20  1:45  Command Center  
  20  1:51  Bunker  
  20  1:56  Supply Depot  
  20  2:03  SCV  
  21  2:09  Barracks Reactor  
  21  2:17  SCV  
  22  2:32  Command Center  
  22  2:34  SCV  
  23  2:43  Factory  
  23  2:49  SCV  
  23  2:50  Marine x2  
  26  2:58  Orbital Command  
  26  3:04  Refinery  
  26  3:05  SCV  
  27  3:11  Marine x2  
  29  3:17  SCV  
  30  3:32  Widow Mine  
  30  3:33  Starport  
  32  3:34  Marine x2  
  32  3:35  SCV  
  32  3:36  SCV  
  36  3:47  SCV  
  36  3:48  Orbital Command  
  37  3:54  Widow Mine, Marine  
  40  3:56  Refinery  
  40  3:58  SCV  
  41  4:18  Marine x2, Factory Tech Lab  
  41  4:20  Starport Tech Lab  
  42  4:28  SCV  
  42  4:29  SCV  
  44  4:38  Marine x2  
  45  4:39  Raven, Siege Tank  
  45  4:42  SCV x3  
  54  4:46  Barracks  
  54  4:48  Supply Depot  
  54  4:53  Barracks  
  54  4:54  SCV x2  
  54  4:57  Marine x2  
  54  4:59  SCV  
  59  5:06  SCV x2  
  61  5:11  SCV  
  61  5:14  Siege Tank  
  61  5:15  Refinery  
  61  5:18  SCV x2  
  66  5:22  Supply Depot  
  66  5:23  SCV  
  66  5:25  Engineering Bay  
  66  5:26  Engineering Bay  
  67  5:30  SCV x2  
  67  5:32  Starport Reactor  
  69  5:41  Stimpack  
  69  5:44  SCV x2, Marine x2, Marauder  
  75  5:54  Terran Infantry Armor Level 1, Terran Infantry Weapons Level 1  
  75  5:56  Barracks  
  75  5:57  Barracks  
  75  5:58  Factory Reactor  
  75  6:01  Marine x2  
  77  6:10  SCV  
  77  6:11  SCV  
  77  6:18  Supply Depot x2  
  77  6:19  Orbital Command  
  77  6:20  Supply Depot  
  77  6:34  Marine x2, Marauder, Supply Depot  
  77  6:35  Marauder  
  77  6:39  SCV x2  
  83  6:44  SCV  
  83  6:46  Barracks Reactor  
  83  6:47  Medivac x2, Barracks Tech Lab  
  84  6:51  SCV x2  
  84  6:52  Marine x2  
  92  6:55  Bunker, Marauder  
  92  6:56  SCV, Marauder  
  92  6:57  Bunker  
  92  6:58  Widow Mine x2  
  101  7:03  SCV  
  101  7:04  SCV  
  101  7:05  Supply Depot  
  103  7:08  SCV  
  103  7:11  Combat Shield  
  103  7:12  Supply Depot  
  103  7:13  Concussive Shells, Supply Depot  
  104  7:16  SCV, Marauder x2  
  104  7:18  Marine, Marauder  
  104  7:19  SCV  
  104  7:21  SCV  
  114  7:24  Medivac  
  114  7:27  Medivac  
  114  7:28  SCV  
  119  7:33  Armory  
  119  7:37  Marine x3, Marauder  
  119  7:38  SCV x2  
  119  7:40  SCV  
  119  7:41  Refinery  
  127  7:49  Supply Depot  
  127  7:50  SCV x2, Supply Depot  
  129  7:52  SCV  
  129  7:55  Refinery  
  129  7:58  Viking x2  
  132  7:59  Marauder x2  
  132  8:01  Starport  
  138  8:10  SCV x2  
  140  8:15  Supply Depot  
  140  8:16  SCV, Marine  
  140  8:17  Marauder  
  140  8:19  Marine x2  
  146  8:20  Marauder, Supply Depot  
  146  8:21  Marauder  
  146  8:22  SCV x2  
  146  8:26  Marine  
  153  8:29  Viking x2  
  156  8:34  Marine  
  156  8:38  Marine x2, Marauder  
  156  8:39  Terran Infantry Weapons Level 2  
  161  8:42  Marauder x2  
  161  8:45  Terran Infantry Armor Level 2  
  161  8:48  Terran Ship Weapons Level 1  
  165  8:55  Supply Depot  
  164  8:59  Marauder  
  132  9:03  Marauder x2  
  132  9:04  Marine x4  
  128  9:18  Medivac x2  
  128  9:21  Marauder  
  130  9:25  Marauder x2  
  130  9:26  Marine x3  
  137  9:36  Command Center, Medivac x2  
  141  9:42  Marauder  
  143  9:46  Marauder  
  143  9:47  Ghost Academy  
  146  9:55  Viking  
  146  9:56  Viking  
  146  10:06  Viking x2  
  139  10:10  Factory Reactor  
  121  10:22  Marine  
  121  10:23  Marine x3, Marauder x2  
  121  10:25  Medivac  
  121  10:26  Medivac  
  121  10:28  Marauder  
  118  10:35  Viking  
  118  10:36  Viking  
  118  10:39  Supply Depot  
  118  10:40  Marine x2  
  118  10:41  Supply Depot  
  124  10:44  Marauder  
  124  10:48  Widow Mine x2  
  130  10:52  Barracks x2  
  130  10:53  Ghost x2, Marine, Barracks  
  130  10:54  Marine  
  136  11:03  Sensor Tower  
  136  11:04  Supply Depot  
  136  11:05  Ghost  
  136  11:10  Viking x4  
  145  11:30  Marine, Marauder x2  
  147  11:47  Viking x3  
  153  11:58  Ghost x2  
  153  11:59  Barracks Tech Lab  
  157  12:06  Refinery  
  157  12:07  Refinery  
  134  12:18  Marine x4, Marauder x2  
  134  12:20  Medivac  
  134  12:27  Marauder x2  
  136  12:39  Marauder x2  
  136  12:44  Marine x6  
  140  12:46  Command Center  
  140  12:48  Marine x2  
  148  12:54  Command Center  
  148  12:57  Command Center  
  148  12:58  Medivac  
  150  13:06  Ghost x2, Marine x3  
Tags
 
Add a new tag
Caveats
  • Supply blocks, unpowered buildings, or Contaminate may cause inaccurate times.
  • Supply counts are checked every 10 seconds.